 Dungeon Crawl Stone Soup version 0.24.0-123-gd5b16e6ec5 (webtiles) character file.

Game seed: 9111708313547862661, levelgen mode: deterministic

96 vurker the Gusty (level 4, 0/25 HPs)
             Began as a Tengu Air Elementalist on Jan 28, 2020.
             Slain by Sigmund
             ... wielding a +0 scythe
              (12 damage)
             ... on level 2 of the Dungeon.
             The game lasted 00:03:48 (2595 turns).

vurker the Gusty (Tengu Air Elementalist)           Turns: 2595, Time: 00:03:49

Health: 0/25       AC:  3    Str: 12    XL:     4   Next: 67%
Magic:  6/9        EV: 13    Int: 16    God:
Gold:   93         SH:  0    Dex: 15    Spells: 7/8 levels left

rFire    . . .     SeeInvis +   p - +1 dagger (venom)
rCold    . . .     Gourm    .   (no shield)
rNeg     . . .     Faith    .   a - +0 robe
rPois    .         Spirit   .   (helmet restricted)
rElec    .         Reflect  .   g - +0 cloak
rCorr    .         Harm     .   (no gloves)
MR       .....                  (boots unavailable)
Stlth    ++........             (no amulet)
HPRegen  0.08/turn              l - +4 ring of strength
MPRegen  0.11/turn              m - ring of see invisible

@: no status effects
A: beak, talons 3
a: no special abilities


You were on level 2 of the Dungeon.
You were not hungry.

You visited 1 branch of the dungeon, and saw 2 of its levels.

You collected 93 gold pieces.

Inventory:

Hand Weapons
 p - a +1 dagger of venom (weapon)
   (You took it off a goblin on level 2 of the Dungeon)
Missiles
 r - 2 throwing nets (quivered)
Armour
 a - a +0 robe (worn)
 g - a +0 cloak (worn)
   (You found it on level 1 of the Dungeon)
Jewellery
 l - a +4 ring of strength (left hand)
   (You found it on level 1 of the Dungeon)
 m - a ring of see invisible (right hand)
   (You found it on level 1 of the Dungeon)
Scrolls
 b - 3 scrolls of identify {unknown}
 h - a scroll of teleportation {unknown}
 i - 2 scrolls of enchant weapon {unknown}
 k - a scroll of blinking {unknown}
 q - a scroll of fear {unknown}
 s - a scroll of remove curse {unknown}
Potions
 c - 3 potions of flight {unknown}
 d - 2 potions of curing {unknown}
 f - 2 potions of ambrosia {unknown}
 j - a potion of brilliance {unknown}
 n - a potion of mutation {unknown}
Comestibles
 e - 6 rations
 o - 2 chunks of flesh


   Skills:
 + Level 1.4 Fighting
 - Level 2.1 Dodging
 - Level 2.0 Stealth
 * Level 2.8 Spellcasting
 * Level 3.2 Conjurations
 * Level 5.0 Air Magic


You had 7 spell levels left.
You knew the following spells:

 Your Spells              Type           Power        Failure   Level  Hunger
a - Shock                 Conj/Air       ###.         3%          1    #......

Your spell library contained the following spells:

 Spells                   Type           Power        Failure   Level  Hunger
 Swiftness                Chrm/Air       ##......     11%         2    ##.....
 Static Discharge         Conj/Air       ###.....     11%         3    ###....
 Airstrike                Air            ###.......   24%         4    #####..
 Lightning Bolt           Conj/Air       ###.......   67%         5    ######.


Dungeon Overview and Level Annotations

Branches:
Dungeon (2/15)

Altars:
Ashenzari
Fedhas

Annotations:
D:2 Sigmund


Innate Abilities, Weirdness & Mutations

You have a beak for a mouth.
You have claws for feet.


Message History

The kobold closely misses you.
You completely miss the kobold. Your kick misses the kobold.
The kobold misses you.
You barely miss the kobold. Your kick misses the kobold. The kobold hits you.
You closely miss the kobold. You peck the kobold.
You kill the kobold!
No target in view!
b - 3 scrolls labeled ODIBUFU VUIROU (gained 1) As you open the door, it creaks loudly!
You hear an angry hiss.
A frilled lizard comes into view.
A frilled lizard is nearby!
You are feeling hungry.
There is an open door here.
You hit the frilled lizard but do no damage.
The frilled lizard is poisoned.
Your peck misses the frilled lizard.
You kill the frilled lizard!
No target in view!
No target in view!
No target in view!
Eating one of 3 chunks of flesh.
You eat one of the 3 chunks of flesh.
You open the door.
There is an open door here.
Sigmund the Dreaded comes into view.
He is wielding a +0 scythe.
Found 4 gold pieces.
Aim: Sigmund, wielding a +0 scythe and wearing a +0 robe (resting)
The zap hits Sigmund.
Sigmund shouts!
A hobgoblin comes into view. It is wielding a +0 club.
Aim: Sigmund, wielding a +0 scythe and wearing a +0 robe (lightly wounded)
The zap hits Sigmund.
The hobgoblin shouts!
Aim: Sigmund, wielding a +0 scythe and wearing a +0 robe (lightly wounded)
The zap hits Sigmund.
Aim: Sigmund, wielding a +0 scythe and wearing a +0 robe (lightly wounded)
The zap hits Sigmund.
The zap hits the hobgoblin but does no damage.
Sigmund closely misses you.
You hit Sigmund but do no damage. Your kick misses Sigmund. You peck Sigmund.
Sigmund barely misses you.
You hit Sigmund but do no damage.
Sigmund is poisoned.
Your peck misses Sigmund.
A frilled lizard comes into view.
The hobgoblin barely misses you.
The frilled lizard hisses angrily.
You hit Sigmund. Your peck misses Sigmund. Sigmund hits you with a +0 scythe!
Ouch! That really hurt!
* * * LOW HITPOINT WARNING * * *
The hobgoblin closely misses you.
Sigmund hits you from afar with a +0 scythe!
You die...

♣♣ ### ### #<# #.#
#)#####.#### #())........
######.####. ### #......
#.######@## #####..
..l...@.#.####### ##.#
#.####g###......# #... #.#
##.....# #..) #.# ##.##.#
#... ## #..##.# #.).
#############.##.# #...
#......#≈≈≈≈#....# #...
#......'.#.≈#.##.######...


You could see Sigmund, a hobgoblin and a frilled lizard.

Vanquished Creatures
  Robin (D:1)
  3 adders (D:2)
  An ooze (D:2)
  A dart slug (D:1)
  A leopard gecko (D:2)
  A giant cockroach (D:1)
  14 goblins
  2 hobgoblins
  2 jackals (D:1)
  4 kobolds
  A quokka (D:2)
  8 bats
  4 frilled lizards
  6 rats
49 creatures vanquished.

Notes
Turn   | Place    | Note
-------+----------+-------------------------------------------
     0 | D:1      | vurker the Tengu Air Elementalist began the quest for the
                  | Orb.
     0 | D:1      | Reached XP level 1. HP: 10/10 MP: 4/4
   280 | D:1      | Reached XP level 2. HP: 15/15 MP: 3/6
   353 | D:1      | Found a shattered altar of Ashenzari.
  1010 | D:2      | Noticed Robin
  1013 | D:2      | Reached XP level 3. HP: 20/20 MP: 1/7
  1309 | D:2      | Reached skill level 1 in Fighting
  1740 | D:1      | Killed Robin
  2024 | D:2      | Reached XP level 4. HP: 25/25 MP: 6/8
  2167 | D:2      | Found a blossoming altar of Fedhas.
  2461 | D:2      | Reached skill level 5 in Air Magic
  2586 | D:2      | Noticed Sigmund
  2595 | D:2      | Slain by Sigmund

Levels and vault maps discovered:
D:1:      mrwooster_arrival_statue_2, layout_basic,
          chequers_serial_rivers_micro_b, evilmike_ruin_ashenzari
D:2:      layout_loops_cross, fedhas_altar_4, kennysheep_generic_room_14,
          uniq_sigmund, uniq_crazy_yiuf_cottage, uniq_robin

Skill      XL: |  1  2  3  4 |
---------------+-------------+-----
Conjurations   | 2 3 |  3.2
Fighting       | 1 |  1.4
Air Magic      | 5 |  5.0
Dodging        | |  2.1
Stealth        | |  2.0
Spellcasting   | |  2.8

Action                   |  1- 3 |  4- 6 || total
-------------------------+-------+-------++-------
Melee: Dagger            |     3 |    23 ||    26
       Unarmed           |     3 |       ||     3
       Peck              |     1 |     4 ||     5
       Kick              |       |     5 ||     5
 Cast: Shock             |    57 |    17 ||    74
 Stab: Sleeping          |       |     1 ||     1
  Eat: Ration            |     1 |       ||     1
       Chunk             |       |     3 ||     3
Armor: Robe              |     6 |     4 ||    10
Dodge: Dodged            |    11 |    15 ||    26
